 Dungeon Crawl Stone Soup version 0.28.0-53-g5a82cb258f (webtiles) character file.

Game seed: 17595325301641447073

621 Peloso the Covered (level 7, -2/60 HPs)
             Began as a Minotaur Fighter on June 2, 2022.
             Slain by an ufetubus (4 damage)
             ... on level 5 of the Dungeon.
             The game lasted 00:05:40 (4256 turns).

Peloso the Covered (Minotaur Fighter)               Turns: 4256, Time: 00:05:41

Health: -2/60      AC: 11    Str: 21    XL:     7   Next: 22%
Magic:  6/6        EV: 10    Int:  5    God:
Gold:   244        SH:  5    Dex: 11    Spells: 6/6 levels left

rFire   . . .      SeeInvis .   a - +3 falchion (vorpal)
rCold   . . .      Faith    .   c - +0 buckler
rNeg    . . .      Spirit   .   b - +0 scale mail
rPois   .          Reflect  .   (helmet restricted)
rElec   .          Harm     .   l - +1 cloak {rCorr}
rCorr   +          Rampage  .   (no gloves)
Will    .....                   s - +0 pair of boots
Stlth   ..........              (no amulet)
HPRegen 0.20/turn               (no ring)
MPRegen 0.10/turn               (no ring)

@: about to teleport
A: horns 2, retaliatory headbutt
a: no special abilities


You were on level 5 of the Dungeon.
You visited 1 branch of the dungeon, and saw 5 of its levels.

You collected 244 gold pieces.

Inventory:

Hand Weapons
 a - a +3 vorpal falchion (weapon)
Armour
 b - a +0 scale mail (worn)
 c - a +0 buckler (worn)
 l - a +1 cloak of preservation (worn)
 s - a +0 pair of boots (worn)
Jewellery
 x - an amulet of magic regeneration
Scrolls
 e - a scroll of summoning
 g - 2 scrolls of noise
 j - a scroll of torment {unknown}
 m - a scroll of fog {unknown}
 p - a scroll of enchant armour {unknown}
 r - a scroll of vulnerability {unknown}
 t - a scroll of fear {unknown}
 u - 2 scrolls of magic mapping {unknown}
 w - a scroll of enchant weapon {unknown}
Potions
 d - a potion of might
 f - 2 potions of curing
 i - a potion of magic {unknown}
 k - 3 potions of attraction {unknown}
 n - a potion of lignification {unknown}
 o - 3 potions of degeneration {unknown}
 q - 3 potions of brilliance {unknown}
 v - a potion of berserk rage {unknown}


   Skills:
 + Level 4.8 Fighting
 + Level 5.6 Long Blades
 + Level 6.1 Armour
 + Level 2.7 Dodging
 + Level 0.6 Stealth
 + Level 5.1 Shields


You had 6 spell levels left.
You didn't know any spells.
Your spell library was empty.

Dungeon Overview and Level Annotations

Branches:
Dungeon (5/15)
 Temple: D:4-7

Altars:
Fedhas
The Shining One

Annotations:
D:5 Prince Ribbit


Innate Abilities, Weirdness & Mutations

You have a pair of horns on your head.
You reflexively headbutt those who attack you in melee.


Message History

* * * LOW HITPOINT WARNING * * *
The ufetubus closely misses you. The gnoll hits you with a +0 flail.
* * * LOW HITPOINT WARNING * * *
Prince Ribbit lets out a mournful croak.
You feel better. You block the ufetubus's attack.
The ufetubus closely misses you. The gnoll hits you with a +0 flail.
Prince Ribbit hits you.
* * * LOW HITPOINT WARNING * * *
The ufetubus hits you but does no damage.
The ufetubus hits you.
* * * LOW HITPOINT WARNING * * *
As you read the scroll of teleportation, it crumbles to dust.
You feel strangely unstable.
Prince Ribbit hits you but does no damage.
The ufetubus barely misses you. The ufetubus hits you.
* * * LOW HITPOINT WARNING * * *
The gnoll hits you but does no damage.
Unknown command.
You hit Prince Ribbit. Your headbutt misses Prince Ribbit.
Prince Ribbit is severely wounded.
Prince Ribbit catches a fly with his tongue.
Prince Ribbit hits you but does no damage.
The ufetubus hits you but does no damage.
The ufetubus barely misses you. You block the gnoll's attack.
You block Prince Ribbit's attack.
The ufetubus hits you but does no damage.
You block the ufetubus's attack.
You closely miss Prince Ribbit.
Prince Ribbit is severely wounded.
Prince Ribbit blinks!
The ufetubus hits you.
* * * LOW HITPOINT WARNING * * *
The ufetubus barely misses you. You block the gnoll's attack.
You block Prince Ribbit's attack.
Unknown command.
You hit Prince Ribbit. You headbutt Prince Ribbit.
Prince Ribbit is almost dead.
The ufetubus closely misses you. x2; The gnoll hits you with a +0 flail!
* * * LOW HITPOINT WARNING * * *
The ufetubus hits you.
You die...

#...# #.###
##..# ..# #..#
#.. #..###.##
#.......#
##.###..# #.##
# . #F5# ...
##@# #..
.....##g##.....
..........gg§.#
#####.####.#..#
#. # . .. ..
.##


You could see Prince Ribbit, a gnoll and an ufetubus.

Vanquished Creatures
  Eustachio (D:5)
  An ogre (D:5)
  A scorpion (D:5)
  A water moccasin zombie (D:5)
  A howler monkey (D:5)
  An iguana (D:5)
  An orc wizard (D:5)
  2 hound skeletons
  2 gnolls (D:5)
  5 adders
  An ufetubus (D:5)
  An adder skeleton (D:4)
  5 worms
  2 dart slugs
  An orc (D:5)
  3 endoplasms
  3 giant cockroaches
  6 goblins
  5 hobgoblins
  4 jackals
  9 quokkas
  8 ball pythons
  6 bats
  8 frilled lizards
  6 kobolds
  4 rats
88 creatures vanquished.

Vanquished Creatures (others)
  4 plants (D:2)
4 creatures vanquished.

Grand Total: 92 creatures vanquished

Notes
Turn   | Place    | Note
-------+----------+-------------------------------------------
     0 | D:1      | Peloso the Minotaur Fighter began the quest for the Orb.
     0 | D:1      | Reached XP level 1. HP: 19/19 MP: 0/0
   493 | D:1      | Reached XP level 2. HP: 25/27 MP: 1/1
   653 | D:1      | Found a faded altar of an unknown god.
   998 | D:2      | Reached skill level 4 in Armour
  1115 | D:2      | Found a glowing golden altar of the Shining One.
  1349 | D:2      | Reached XP level 3. HP: 33/33 MP: 2/2
  2206 | D:3      | Found a blossoming altar of Fedhas.
  2217 | D:3      | Reached XP level 4. HP: 34/40 MP: 3/3
  2473 | D:3      | Reached skill level 1 in Dodging
  3360 | D:4      | Reached XP level 5. HP: 46/46 MP: 4/4
  3633 | D:5      | Entered Level 5 of the Dungeon
  3674 | D:5      | Noticed Eustachio
  3685 | D:5      | Killed Eustachio
  3686 | D:5      | Reached skill level 5 in Armour
  3686 | D:5      | Reached XP level 6. HP: 16/53 MP: 5/5
  4215 | D:5      | Reached skill level 5 in Long Blades
  4215 | D:5      | Reached skill level 5 in Shields
  4219 | D:5      | Reached XP level 7. HP: 53/60 MP: 6/6
  4227 | D:5      | Reached skill level 6 in Armour
  4234 | D:5      | Noticed Prince Ribbit
  4256 | D:5      | HP: 2/60 [gnoll/+0 flail (9)]
  4256 | D:5      | Slain by an ufetubus

Illustrated notes

Levels and vault maps discovered:
D:1:      sevenhm_arrival_forest_fort_large_4, layout_loops_corners,
          hellmonk_ecumenical_altar_heavens_door, chequers_serial_rivers_small_a
D:2:      minmay_chambers_of_ones, layout_loops_corners, basic_altar,
          serial_forest, infiniplex_forest_lined_3, infiniplex_forest_side_room,
          infiniplex_forest_straight_2, infiniplex_forest_straight_3,
          infiniplex_forest_end_1, grunt_ministairs_12
D:3:      layout_loops_ring, old_standard_altar
D:4:      layout_gridville, minmay_distorted
D:5:      layout_basic, grunt_temple_overflow_open, vehumet_statue,
          minmay_ruined_shrine, uniq_prince_ribbit1, uniq_eustachio

Skill      XL: |  1  2  3  4  5  6  7 |
---------------+----------------------+-----
Shields        | 4 5 |  5.1
Armour         | 4 5 6 |  6.1
Long Blades    | 3 4 5 |  5.6
Fighting       | 4 |  4.8
Dodging        | 1 2 |  2.7
Stealth        | |  0.6

Action                   |  1- 3 |  4- 6 |  7- 9 || total
-------------------------+-------+-------+-------++-------
Melee: Long sword        |   104 |    69 |       ||   173
       Headbutt          |     6 |    17 |     8 ||    31
       Scimitar          |       |    17 |       ||    17
       Falchion          |       |    19 |    30 ||    49
  Use: Scroll            |     5 |       |     1 ||     6
       Potion            |       |       |     1 ||     1
 Stab: Distracted        |     1 |       |       ||     1
Armor: Scale mail        |    57 |    51 |    13 ||   121
Dodge: Dodged            |    43 |    61 |    24 ||   128
Block: Buckler           |    23 |    25 |    15 ||    63
